Blackdemons vs Wolves

Created - 21 février 2015 at 22:11

Goals
1 2 3 T
Blackdemons 0 2 1 3
Wolves 1 4 0 5
Shots
1 2 3 T
Blackdemons 12 16 12 40
Wolves 8 16 11 35

1st period

1. Wolves , Chris Neil 20 (Mike Zigomanis) at 10:24 (PP)

Penalties :
Barry Tallackson (MJM) for Hooking (Minor) at 0:45, Andrew MacDonald (MJM) for Goalie Interference (Minor) at 10:22, Milan Bartovic (Min) for Holding (Minor) at 15:52

2nd period

2. Wolves , Tim Crowder 14 (Mike Zigomanis) at 4:31
3. Wolves , Nathan Davis 27 (Chris Terry, Jamie Storr) at 5:44
4. Blackdemons , Sam Gagner 20 (Enver Lisin) at 7:10 (PP)
5. Wolves , Milan Bartovic 31 (Dan Fritsche, Dmitry Kulikov) at 10:25
6. Wolves , Tim Crowder 15 (Mike Zigomanis, Nate Guenin) at 10:37
7. Blackdemons , Enver Lisin 53 (Zach Boychuk) at 17:51

Penalties :
Mike Sislo (Min) for Roughing (Minor) at 6:59, Matt Hunwick (MJM) for Hooking (Minor) at 12:40

3rd period

8. Blackdemons , Sam Gagner 21 (Matt Hunwick, Andrew MacDonald) at 2:58 (PP)

Penalties :
Kevin Veilleux (Min) for Tripping (Minor) at 1:06, Mike Zigomanis (Min) for Fighting (Major) at 10:53, Barry Tallackson (MJM) for Fighting (Major) at 10:53, Chris Terry (Min) for Holding (Minor) at 13:10

Goalie Stats

Matt Hackett (MJM), 17 saves from 18 shots - (0,944), 29:35 minutes
Martin Biron (MJM), 13 saves from 17 shots - (0,765), L, 37-11-4, 30:25 minutes
Jamie Storr (Min), 37 saves from 40 shots - (0,925), W, 27-18-4, 60:00 minutes

Players Stats for Blackdemons

Player Name              G  A  P  +/- PIM S  H  SB GA TA FO     MP     PP MP  PK MP  
------------------------------------------------------------------------------------
Alyn McCauley            0  0  0  -2  0   0  2  0  1  1  1/3     9:30   0:00   1:20 
Andrew MacDonald         0  1  1  -2  2   2  1  3  0  0  0/0    22:29   2:08   1:39 
Barry Tallackson         0  0  0  -1  7   5  1  1  0  1  2/2    16:11   1:38   0:23 
Brendon Nash             0  0  0   0  0   2  0  0  3  0  0/0    26:51   3:53   2:21 
Calvin de Haan           0  0  0  -1  0   0  0  0  0  0  0/0    10:39   0:00   0:00 
Enver Lisin              1  1  2   0  0   9  0  1  2  0  0/1    21:42   3:30   1:02 
Jakub Kindl              0  0  0   0  0   3  4  0  1  1  0/0    26:51   3:53   2:21 
Luca Caputi              0  0  0  -2  0   0  1  0  0  0  0/0     7:47   0:00   0:00 
Mathieu Dandenault       0  0  0   0  0   2  2  0  1  1  0/1    12:20   0:10   2:15 
Matt Calvert             0  0  0   0  0   0  0  1  0  0  0/0    12:26   2:31   0:00 
Matt Hunwick             0  1  1  -2  2   3  1  0  1  1  0/0    21:53   2:08   1:01 
Michael Haley            0  0  0  -1  0   3  0  2  0  0  1/2    16:36   0:43   0:43 
Sam Gagner               2  0  2   0  0   5  0  2  2  1  12/31  20:22   3:30   0:00 
Shawn Matthias           0  0  0  -1  0   3  3  0  0  0  7/14   17:09   2:31   0:00 
Steve Oleksy             0  0  0  -1  0   1  0  0  0  0  0/0    11:17   0:00   0:38 
Steven Zalewski          0  0  0  -2  0   0  1  0  0  0  0/1     7:47   0:00   0:00 
Wayne Primeau            0  0  0   0  0   2  0  0  1  0  7/10   13:44   0:00   2:17 
Zach Boychuk             0  1  1   0  0   0  4  0  0  0  0/1    20:22   3:30   0:00 

Players Stats for Wolves

Player Name              G  A  P  +/- PIM S  H  SB GA TA FO     MP     PP MP  PK MP  
------------------------------------------------------------------------------------
Bruno Gervais            0  0  0   1  0   1  1  3  0  1  0/0    18:12   1:44   0:00 
Carl Klingberg           0  0  0   0  0   0  0  1  0  0  0/0     2:16   0:12   0:00 
Chris Neil               1  0  1   1  0   5  5  0  0  1  5/9    21:44   2:23   3:44 
Chris Terry              0  1  1   0  2   0  1  0  0  0  0/0     9:22   0:00   0:00 
Dan Fritsche             0  1  1   1  0   1  0  0  2  0  9/15   19:20   1:37   2:31 
Dmitry Kulikov           0  1  1   1  0   5  5  3  0  0  0/0    23:48   2:16   0:00 
Geoff Paukovich          0  0  0   0  0   0  3  0  0  1  0/0    18:57   1:37   1:36 
Jonathan Rheault         0  0  0   0  0   1  0  0  0  0  0/1     8:52   0:00   0:00 
Kevin Veilleux           0  0  0   1  2   0  0  1  0  0  3/9    10:59   0:00   0:00 
Marc Methot              0  0  0   1  0   1  1  1  0  3  0/0    21:54   1:44   3:18 
Marc-André Gragnani      0  0  0   1  0   0  0  1  0  0  0/0    14:05   0:00   2:43 
Mike Sislo               0  0  0   1  2   4  2  0  0  1  3/3    18:08   2:11   0:28 
Mike Zigomanis           0  3  3   3  5   4  1  1  0  0  10/22  22:42   2:23   2:27 
Milan Bartovic           1  0  1   1  2   3  2  0  3  0  2/3    20:07   1:37   0:36 
Nate Guenin              0  1  1   1  0   3  1  2  0  3  0/0    16:38   2:16   2:43 
Nathan Davis             1  0  1   0  0   3  0  0  1  1  4/4    10:13   0:00   0:40 
Tim Crowder              2  0  2   1  0   3  1  0  0  0  0/0    11:14   0:00   0:00 
Willie Mitchell          0  0  0   1  0   1  0  1  0  1  0/0    25:23   0:00   3:18 

3 Stars

1 - Tim Crowder (Min)
2 - Sam Gagner (MJM)
3 - Chris Neil (Min)

Power Play

Blackdemons - 2 on 4 Attempt(s) - 50,00%
Wolves - 1 on 3 Attempt(s) - 33,33%

Penalty Kill

Blackdemons - 2 on 3 Attempt(s) - 66,67% - Score 0 goal in Penalty Kill
Wolves - 2 on 4 Attempt(s) - 50,00% - Score 0 goal in Penalty Kill

Team Stat

Blackdemons - Hits : 20 - Faceoff Wins : 30 - Blocked Shots : 10 - Penalty Minutes : 11
Wolves - Hits : 23 - Faceoff Wins : 36 - Blocked Shots : 14 - Penalty Minutes : 13

Official

Referees : Hasenfratz Mike and O'Rourke Dan
Linesman : Lonnie Cameron and Jay Sharrers

Game Notes

Carl Klingberg is injured at 12:06 of 1st period (Strained Left Elbow)
Matt Hackett enters game at 10:25 of 2nd period
Mike Zigomanis and Barry Tallackson fight to a draw at 10:53 of 3rd period

Finance

Level 1 -- Attendance: 1471 (73,55%) -- Ticket Income 51 485 $
Level 2 -- Attendance: 703 (70,30%) -- Ticket Income 10 545 $
Total Attendance: 2174 (72,47%)
Total Ticket Income: 62 030 $
Other Income: 3 102 $
Total Income: 65 132 $

Blackdemons

5 vs 5 Forward 
   Center                   Left Wing                Right Wing               Time % Phy DF OF 
 1 Sam Gagner               Zach Boychuk             Enver Lisin              40     1   2  2  
 2 Shawn Matthias           Michael Haley            Barry Tallackson         30     2   2  1  
 3 Wayne Primeau            Matt Calvert             Mathieu Dandenault       20     1   3  1  
 4 Alyn McCauley            Luca Caputi              Steven Zalewski          10     1   3  1  

5 vs 5 Defense 
   Defense                  Defense                                           Time % Phy DF OF 
 1 Jakub Kindl              Brendon Nash                                      40     1   3  1  
 2 Matt Hunwick             Andrew MacDonald                                  35     1   3  1  
 3 Calvin de Haan           Steve Oleksy                                      15     1   3  1  
 4 Calvin de Haan           Steve Oleksy                                      10     1   3  1  

PowerPlay Forward 
   Center                   Left Wing                Right Wing               Time % Phy DF OF 
 1 Sam Gagner               Zach Boychuk             Enver Lisin              60     1   1  3  
 2 Shawn Matthias           Matt Calvert             Barry Tallackson         40     2   1  2  

PowerPlay Defense
   Defense                  Defense                                           Time % Phy DF OF 
 1 Jakub Kindl              Brendon Nash                                      60     1   2  2  
 2 Matt Hunwick             Andrew MacDonald                                  40     1   2  2  

Penalty Kill 4 Players Forward 
   Center                   Wing                     Time % Phy DF OF 
 1 Wayne Primeau            Mathieu Dandenault       60     1   4  0  
 2 Alyn McCauley            Barry Tallackson         40     1   4  0  

Penalty Kill 4 Players Defense
   Defense                  Defense                  Time % Phy DF OF 
 1 Jakub Kindl              Brendon Nash             60     1   4  0  
 2 Matt Hunwick             Andrew MacDonald         40     1   4  0  

Penalty Kill - 3 Players Forward 
   Forward                                           Time % Phy DF OF 
 1 Wayne Primeau                                     60     1   4  0  
 2 Alyn McCauley                                     40     1   4  0  

Penalty Kill - 3 Players Defense
   Defense                  Defense                  Time % Phy DF OF 
 1 Jakub Kindl              Brendon Nash             60     1   4  0  
 2 Matt Hunwick             Andrew MacDonald         40     1   4  0  

4 vs 4 Forward 
   Center                   Wing                     Time % Phy DF OF 
 1 Sam Gagner               Enver Lisin              60     1   1  3  
 2 Shawn Matthias           Barry Tallackson         40     1   2  2  

4 vs 4 Defense
   Defense                  Defense                  Time % Phy DF OF 
 1 Jakub Kindl              Brendon Nash             60     1   3  1  
 2 Matt Hunwick             Andrew MacDonald         40     1   3  1  

Last Minutes Offensive
   Center                   Left Wing                Right Wing               Defense                  Defense                  
   Sam Gagner               Barry Tallackson         Enver Lisin              Andrew MacDonald         Brendon Nash             

Last Minutes Defensive
   Center                   Left Wing                Right Wing               Defense                  Defense                  
   Wayne Primeau            Alyn McCauley            Barry Tallackson         Jakub Kindl              Brendon Nash             

Goaltenders
Starting : Martin Biron             
Backup : Matt Hackett             

Extra Forwards
Normal : Shawn Matthias, Wayne Primeau, Alyn McCauley - PP : Michael Haley, Mathieu Dandenault - PK : Enver Lisin
Extra Defensemen
Normal : Andrew MacDonald, Steve Oleksy, Calvin de Haan - PP : Steve Oleksy - PK : Steve Oleksy, Calvin de Haan
Penalty Shots
Barry Tallackson, Enver Lisin, Shawn Matthias, Wayne Primeau, Alyn McCauley

Wolves

5 vs 5 Forward 
   Center                   Left Wing                Right Wing               Time % Phy DF OF 
 1 Mike Zigomanis           Mike Sislo               Chris Neil               40     2   1  2  
 2 Dan Fritsche             Geoff Paukovich          Milan Bartovic           30     1   1  3  
 3 Kevin Veilleux           Carl Klingberg           Tim Crowder              20     1   1  3  
 4 Nathan Davis             Chris Terry              Jonathan Rheault         10     2   2  1  

5 vs 5 Defense 
   Defense                  Defense                                           Time % Phy DF OF 
 1 Willie Mitchell          Dmitry Kulikov                                    40     1   3  1  
 2 Bruno Gervais            Marc Methot                                       30     1   3  1  
 3 Nate Guenin              Marc-André Gragnani                               20     1   3  1  
 4 Dmitry Kulikov           Willie Mitchell                                   10     1   3  1  

PowerPlay Forward 
   Center                   Left Wing                Right Wing               Time % Phy DF OF 
 1 Mike Zigomanis           Mike Sislo               Chris Neil               60     0   0  5  
 2 Dan Fritsche             Geoff Paukovich          Milan Bartovic           40     0   0  5  

PowerPlay Defense
   Defense                  Defense                                           Time % Phy DF OF 
 1 Dmitry Kulikov           Nate Guenin                                       60     1   2  2  
 2 Bruno Gervais            Marc Methot                                       40     1   2  2  

Penalty Kill 4 Players Forward 
   Center                   Wing                     Time % Phy DF OF 
 1 Chris Neil               Mike Zigomanis           60     1   3  1  
 2 Milan Bartovic           Dan Fritsche             40     1   3  1  

Penalty Kill 4 Players Defense
   Defense                  Defense                  Time % Phy DF OF 
 1 Willie Mitchell          Marc Methot              60     2   3  0  
 2 Marc-André Gragnani      Nate Guenin              40     2   3  0  

Penalty Kill - 3 Players Forward 
   Forward                                           Time % Phy DF OF 
 1 Chris Neil                                        60     3   2  0  
 2 Mike Zigomanis                                    40     3   2  0  

Penalty Kill - 3 Players Defense
   Defense                  Defense                  Time % Phy DF OF 
 1 Willie Mitchell          Marc Methot              60     1   4  0  
 2 Marc-André Gragnani      Nate Guenin              40     1   4  0  

4 vs 4 Forward 
   Center                   Wing                     Time % Phy DF OF 
 1 Chris Neil               Mike Zigomanis           60     1   1  3  
 2 Milan Bartovic           Dan Fritsche             40     1   1  3  

4 vs 4 Defense
   Defense                  Defense                  Time % Phy DF OF 
 1 Willie Mitchell          Dmitry Kulikov           60     1   3  1  
 2 Bruno Gervais            Marc Methot              40     1   3  1  

Last Minutes Offensive
   Center                   Left Wing                Right Wing               Defense                  Defense                  
   Mike Zigomanis           Mike Sislo               Chris Neil               Marc Methot              Dmitry Kulikov           

Last Minutes Defensive
   Center                   Left Wing                Right Wing               Defense                  Defense                  
   Dan Fritsche             Milan Bartovic           Chris Neil               Willie Mitchell          Nate Guenin              

Goaltenders
Starting : Jamie Storr              
Backup : Loïc Lacasse             

Extra Forwards
Normal : Mike Zigomanis, Chris Neil, Milan Bartovic - PP : Mike Zigomanis, Chris Neil - PK : Dan Fritsche
Extra Defensemen
Normal : Dmitry Kulikov, Nate Guenin, Willie Mitchell - PP : Dmitry Kulikov - PK : Nate Guenin, Willie Mitchell
Penalty Shots
Chris Neil, Mike Zigomanis, Milan Bartovic, Dan Fritsche, Mike Sislo

% Time on Ice - Blackdemons

Lines # - Real PCT - Wanted PCT - Time Play
Normal Forward
1 - 36% - 40% - 17:54
2 - 29% - 30% - 14:23
3 - 20% - 20% - 9:55
4 - 16% - 10% - 7:47
Normal Defense
1 - 41% - 40% - 20:37
2 - 37% - 35% - 18:43
3 - 14% - 15% - 6:47
4 - 8% - 10% - 3:52
PP Forward
1 - 58% - 60% - 3:30
2 - 42% - 40% - 2:31
PP Defense
1 - 65% - 60% - 3:53
2 - 35% - 40% - 2:08
PK Forward
1 - 69% - 60% - 2:46
2 - 31% - 40% - 1:14
PK Defense
1 - 59% - 60% - 2:21
2 - 41% - 40% - 1:39
PK3 Forward
1 - 0% - 60%
2 - 0% - 40%
PK3 Defense
1 - 0% - 60%
2 - 0% - 40%
44 Forward
1 - 0% - 60%
2 - 0% - 40%
44 Defense
1 - 0% - 60%
2 - 0% - 40%
Last Minute Offensive  - 0:00
Last Minute Defensive  - 0:00
Total
Forward - 60:00
Defense - 60:00

% Time on Ice - Wolves

Lines # - Real PCT - Wanted PCT - Time Play
Normal Forward
1 - 31% - 40% - 15:32
2 - 29% - 30% - 14:35
3 - 22% - 20% - 11:00
4 - 18% - 10% - 8:52
Normal Defense
1 - 40% - 40% - 20:13
2 - 33% - 30% - 16:15
3 - 23% - 20% - 11:22
4 - 4% - 10% - 2:09
PP Forward
1 - 60% - 60% - 2:23
2 - 40% - 40% - 1:37
PP Defense
1 - 57% - 60% - 2:16
2 - 43% - 40% - 1:44
PK Forward
1 - 85% - 60% - 5:08
2 - 15% - 40% - 0:53
PK Defense
1 - 55% - 60% - 3:18
2 - 45% - 40% - 2:43
PK3 Forward
1 - 0% - 60%
2 - 0% - 40%
PK3 Defense
1 - 0% - 60%
2 - 0% - 40%
44 Forward
1 - 0% - 60%
2 - 0% - 40%
44 Defense
1 - 0% - 60%
2 - 0% - 40%
Last Minute Offensive  - 0:00
Last Minute Defensive  - 0:00
Total
Forward - 60:00
Defense - 60:00

Play by Play

1st period


0:01 of 1st period - Mike Zigomanis wins face-off versus Sam Gagner in neutral zone.
0:26 of 1st period - Brendon Nash is hit by Dmitry Kulikov.
0:34 of 1st period - Snap shot by Sam Gagner.
0:34 of 1st period - Stopped by Jamie Storr without a rebound.
0:35 of 1st period - Shawn Matthias wins face-off versus Dan Fritsche in Wolves zone.
0:45 of 1st period - Minor Penalty to Barry Tallackson for Hooking.
0:46 of 1st period - Mike Zigomanis wins face-off versus Wayne Primeau in Blackdemons zone.
1:36 of 1st period - Mathieu Dandenault is hit by Chris Neil and loses puck.
2:04 of 1st period - Enver Lisin is hit by Marc Methot and loses puck.
2:45 of 1st period - Penalty to Barry Tallackson is over, Barry Tallackson is back on ice.
2:49 of 1st period - Wrist shot by Nathan Davis.
2:49 of 1st period - Shot Blocked by Barry Tallackson.
3:01 of 1st period - Snap shot by Barry Tallackson.
3:01 of 1st period - Shot Misses the Net.
3:03 of 1st period - Slapshot by Andrew MacDonald.
3:03 of 1st period - Deflect By Nate Guenin.
3:03 of 1st period - Stopped by Jamie Storr with a rebound.
3:05 of 1st period - Snap shot by Wayne Primeau.
3:05 of 1st period - Shot Misses the Net.
3:07 of 1st period - Slapshot by Andrew MacDonald.
3:07 of 1st period - Shot Misses the Net.
3:15 of 1st period - Snap shot by Wayne Primeau.
3:15 of 1st period - Shot Misses the Net.
3:17 of 1st period - Slapshot by Matt Hunwick.
3:17 of 1st period - Shot Blocked by Nate Guenin.
3:19 of 1st period - Snap shot by Barry Tallackson.
3:19 of 1st period - Shot Misses the Net.
3:29 of 1st period - Backhand shot by Wayne Primeau.
3:29 of 1st period - Stopped by Jamie Storr without a rebound.
3:30 of 1st period - Kevin Veilleux wins face-off versus Zach Boychuk in Wolves zone.
3:43 of 1st period - Slapshot by Enver Lisin.
3:43 of 1st period - Stopped by Jamie Storr without a rebound.
3:44 of 1st period - Alyn McCauley wins face-off versus Mike Zigomanis in Wolves zone.
4:10 of 1st period - Brendon Nash is hit by Bruno Gervais and loses puck.
4:17 of 1st period - Slapshot by Dmitry Kulikov.
4:17 of 1st period - Stopped by Martin Biron with a rebound.
4:19 of 1st period - Slapshot by Dmitry Kulikov.
4:19 of 1st period - Stopped by Martin Biron without a rebound.
4:20 of 1st period - Dan Fritsche wins face-off versus Shawn Matthias in Blackdemons zone.
4:21 of 1st period - Wrist shot by Milan Bartovic.
4:21 of 1st period - Shot Misses the Net.
4:23 of 1st period - Slapshot by Dan Fritsche.
4:23 of 1st period - Shot Misses the Net.
5:49 of 1st period - Snap shot by Milan Bartovic.
5:49 of 1st period - Shot Misses the Net.
6:09 of 1st period - Wrist shot by Enver Lisin.
6:09 of 1st period - Stopped by Jamie Storr with a rebound.
6:52 of 1st period - Brendon Nash is hit by Dmitry Kulikov and loses puck.
7:14 of 1st period - Bruno Gervais is hit by Alyn McCauley and loses puck.
8:21 of 1st period - Jakub Kindl is hit by Chris Terry and loses puck.
8:32 of 1st period - Bruno Gervais is hit by Shawn Matthias and loses puck.
9:01 of 1st period - Slapshot by Enver Lisin.
9:01 of 1st period - Deflect By Zach Boychuk.
9:01 of 1st period - Shot Misses the Net.
9:01 of 1st period - Puck is out of play.
9:02 of 1st period - Dan Fritsche wins face-off versus Wayne Primeau in Wolves zone.
9:34 of 1st period - Icing by Shawn Matthias.
9:35 of 1st period - Shawn Matthias wins face-off versus Mike Zigomanis in Blackdemons zone.
9:48 of 1st period - Michael Haley is hit by Mike Sislo and loses puck.
10:02 of 1st period - Barry Tallackson is hit by Dmitry Kulikov and loses puck.
10:09 of 1st period - Wrist shot by Barry Tallackson.
10:09 of 1st period - Deflect By Dmitry Kulikov.
10:09 of 1st period - Shot Misses the Net.
10:09 of 1st period - Puck is out of play.
10:10 of 1st period - Dan Fritsche wins face-off versus Sam Gagner in Wolves zone.
10:22 of 1st period - Minor Penalty to Andrew MacDonald for Goalie Interference.
10:23 of 1st period - Mike Zigomanis wins face-off versus Wayne Primeau in Blackdemons zone.
10:24 of 1st period - Slapshot by Chris Neil.
10:24 of 1st period - Goal by Chris Neil - Blackdemons : 0 - Wolves : 1.
10:25 of 1st period - Sam Gagner wins face-off versus Mike Zigomanis in neutral zone.
10:30 of 1st period - Dmitry Kulikov is hit by Zach Boychuk.
10:38 of 1st period - Wrist shot by Mike Zigomanis.
10:38 of 1st period - Stopped by Martin Biron with a rebound.
10:56 of 1st period - Slapshot by Milan Bartovic.
10:56 of 1st period - Shot Misses the Net.
10:58 of 1st period - Backhand shot by Willie Mitchell.
10:58 of 1st period - Shot Blocked by Matt Calvert.
11:00 of 1st period - Slapshot by Willie Mitchell.
11:00 of 1st period - Shot Blocked by Andrew MacDonald.
11:25 of 1st period - Wrist shot by Wayne Primeau.
11:25 of 1st period - Shot Misses the Net.
11:37 of 1st period - Matt Hunwick is hit by Chris Neil and loses puck.
12:02 of 1st period - Snap shot by Sam Gagner.
12:02 of 1st period - Shot Misses the Net.
12:04 of 1st period - Slapshot by Matt Hunwick.
12:04 of 1st period - Deflect By Enver Lisin.
12:04 of 1st period - Stopped by Jamie Storr with a rebound.
12:06 of 1st period - Slapshot by Enver Lisin.
12:06 of 1st period - Shot Blocked by Carl Klingberg.
12:06 of 1st period - Carl Klingberg from Wolves is injured at 12:06 of 1st period (Strained Left Elbow).
12:07 of 1st period - Chris Neil wins face-off versus Shawn Matthias in Wolves zone.
13:05 of 1st period - Icing by Calvin de Haan.
13:06 of 1st period - Wayne Primeau wins face-off versus Jonathan Rheault in Blackdemons zone.
13:09 of 1st period - Snap shot by Milan Bartovic.
13:09 of 1st period - Shot Misses the Net.
13:11 of 1st period - Slapshot by Nate Guenin.
13:11 of 1st period - Stopped by Martin Biron without a rebound.
13:12 of 1st period - Sam Gagner wins face-off versus Dan Fritsche in Blackdemons zone.
13:17 of 1st period - Snap shot by Enver Lisin.
13:17 of 1st period - Shot Misses the Net.
14:00 of 1st period - Snap shot by Tim Crowder.
14:00 of 1st period - Shot Misses the Net.
14:02 of 1st period - Wrist shot by Tim Crowder.
14:02 of 1st period - Stopped by Martin Biron without a rebound.
14:03 of 1st period - Sam Gagner wins face-off versus Mike Zigomanis in Blackdemons zone.
14:16 of 1st period - Snap shot by Mike Sislo.
14:16 of 1st period - Stopped by Martin Biron without a rebound.
14:17 of 1st period - Shawn Matthias wins face-off versus Dan Fritsche in Blackdemons zone.
14:22 of 1st period - Snap shot by Michael Haley.
14:22 of 1st period - Stopped by Jamie Storr with a rebound.
14:30 of 1st period - Matt Hunwick is hit by Milan Bartovic and loses puck.
14:43 of 1st period - Andrew MacDonald is hit by Dmitry Kulikov.
14:53 of 1st period - Wrist shot by Tim Crowder.
14:53 of 1st period - Shot Misses the Net.
14:55 of 1st period - Snap shot by Kevin Veilleux.
14:55 of 1st period - Shot Misses the Net.
15:30 of 1st period - Wrist shot by Mathieu Dandenault.
15:30 of 1st period - Stopped by Jamie Storr without a rebound.
15:31 of 1st period - Dan Fritsche wins face-off versus Sam Gagner in Wolves zone.
15:38 of 1st period - Wrist shot by Dan Fritsche.
15:38 of 1st period - Shot Misses the Net.
15:52 of 1st period - Minor Penalty to Milan Bartovic for Holding.
15:53 of 1st period - Sam Gagner wins face-off versus Chris Neil in Wolves zone.
15:56 of 1st period - Snap shot by Sam Gagner.
15:56 of 1st period - Stopped by Jamie Storr with a rebound.
16:30 of 1st period - Snap shot by Shawn Matthias.
16:30 of 1st period - Shot Misses the Net.
17:52 of 1st period - Penalty to Milan Bartovic is over, Milan Bartovic is back on ice.
18:09 of 1st period - Snap shot by Nathan Davis.
18:09 of 1st period - Deflect By Steven Zalewski.
18:09 of 1st period - Stopped by Martin Biron without a rebound.
18:10 of 1st period - Kevin Veilleux wins face-off versus Alyn McCauley in Blackdemons zone.
18:35 of 1st period - Wrist shot by Enver Lisin.
18:35 of 1st period - Shot Hit the Post.
18:37 of 1st period - Wrist shot by Zach Boychuk.
18:37 of 1st period - Deflect By Enver Lisin.
18:37 of 1st period - Shot Blocked by Bruno Gervais.
18:37 of 1st period - Puck is out of play.
18:38 of 1st period - Sam Gagner wins face-off versus Kevin Veilleux in Wolves zone.
18:43 of 1st period - Snap shot by Enver Lisin.
18:43 of 1st period - Stopped by Jamie Storr without a rebound.
18:44 of 1st period - Sam Gagner wins face-off versus Kevin Veilleux in Wolves zone.
18:45 of 1st period - Wrist shot by Enver Lisin.
18:45 of 1st period - Stopped by Jamie Storr with a rebound.
19:15 of 1st period - Snap shot by Shawn Matthias.
19:15 of 1st period - Stopped by Jamie Storr with a rebound.
19:54 of 1st period - Icing by Alyn McCauley.
19:55 of 1st period - Mike Sislo wins face-off versus Alyn McCauley in Blackdemons zone.
Goals for this period are 0 for Blackdemons vs 1 for Wolves.
Shots for this period are 12 for Blackdemons vs 8 for Wolves.

2nd period


0:01 of 2nd period - Mike Sislo wins face-off versus Sam Gagner in neutral zone.
0:06 of 2nd period - Snap shot by Mike Zigomanis.
0:06 of 2nd period - Shot Hit the Post.
0:12 of 2nd period - Wrist shot by Zach Boychuk.
0:12 of 2nd period - Shot Blocked by Dmitry Kulikov.
0:14 of 2nd period - Wrist shot by Zach Boychuk.
0:14 of 2nd period - Shot Blocked by Dmitry Kulikov.
0:16 of 2nd period - Slapshot by Brendon Nash.
0:16 of 2nd period - Shot Misses the Net.
1:30 of 2nd period - Slapshot by Nate Guenin.
1:30 of 2nd period - Stopped by Martin Biron with a rebound.
2:04 of 2nd period - Wrist shot by Barry Tallackson.
2:04 of 2nd period - Stopped by Jamie Storr with a rebound.
2:06 of 2nd period - Slapshot by Matt Hunwick.
2:06 of 2nd period - Stopped by Jamie Storr with a rebound.
2:08 of 2nd period - Snap shot by Michael Haley.
2:08 of 2nd period - Stopped by Jamie Storr with a rebound.
2:10 of 2nd period - Wrist shot by Barry Tallackson.
2:10 of 2nd period - Shot Blocked by Bruno Gervais.
3:10 of 2nd period - Wrist shot by Jonathan Rheault.
3:10 of 2nd period - Shot Misses the Net.
3:32 of 2nd period - Wrist shot by Alyn McCauley.
3:32 of 2nd period - Shot Blocked by Nate Guenin.
4:17 of 2nd period - Snap shot by Barry Tallackson.
4:17 of 2nd period - Stopped by Jamie Storr without a rebound.
4:18 of 2nd period - Barry Tallackson wins face-off versus Kevin Veilleux in Wolves zone.
4:31 of 2nd period - Snap shot by Tim Crowder.
4:31 of 2nd period - Goal by Tim Crowder - Blackdemons : 0 - Wolves : 2.
4:32 of 2nd period - Sam Gagner wins face-off versus Mike Zigomanis in neutral zone.
4:59 of 2nd period - Willie Mitchell is hit by Shawn Matthias and loses puck.
5:44 of 2nd period - Wrist shot by Nathan Davis.
5:44 of 2nd period - Goal by Nathan Davis - Blackdemons : 0 - Wolves : 3.
5:45 of 2nd period - Sam Gagner wins face-off versus Mike Zigomanis in neutral zone.
6:24 of 2nd period - Jakub Kindl is hit by Milan Bartovic and loses puck.
6:37 of 2nd period - Wrist shot by Nathan Davis.
6:37 of 2nd period - Deflect By Jonathan Rheault.
6:37 of 2nd period - Shot Misses the Net.
6:37 of 2nd period - Puck is out of play.
6:38 of 2nd period - Nathan Davis wins face-off versus Sam Gagner in Blackdemons zone.
6:41 of 2nd period - Snap shot by Nathan Davis.
6:41 of 2nd period - Shot Misses the Net.
6:43 of 2nd period - Wrist shot by Marc Methot.
6:43 of 2nd period - Stopped by Martin Biron without a rebound.
6:44 of 2nd period - Mike Zigomanis wins face-off versus Sam Gagner in Blackdemons zone.
6:47 of 2nd period - Snap shot by Chris Neil.
6:47 of 2nd period - Stopped by Martin Biron with a rebound.
6:49 of 2nd period - Snap shot by Mike Zigomanis.
6:49 of 2nd period - Deflect By Mike Sislo.
6:49 of 2nd period - Stopped by Martin Biron without a rebound.
6:50 of 2nd period - Sam Gagner wins face-off versus Chris Neil in Blackdemons zone.
6:50 of 2nd period - Sam Gagner is hit by Chris Neil.
6:59 of 2nd period - Minor Penalty to Mike Sislo for Roughing.
7:00 of 2nd period - Chris Neil wins face-off versus Sam Gagner in Wolves zone.
7:10 of 2nd period - Wrist shot by Enver Lisin.
7:10 of 2nd period - Deflect By Sam Gagner.
7:10 of 2nd period - Goal by Sam Gagner - Blackdemons : 1 - Wolves : 3.
7:11 of 2nd period - Mike Zigomanis wins face-off versus Sam Gagner in neutral zone.
7:14 of 2nd period - Slapshot by Dmitry Kulikov.
7:14 of 2nd period - Shot Blocked by Sam Gagner.
7:16 of 2nd period - Snap shot by Chris Neil.
7:16 of 2nd period - Stopped by Martin Biron without a rebound.
7:17 of 2nd period - Sam Gagner wins face-off versus Mike Zigomanis in Blackdemons zone.
7:52 of 2nd period - Slapshot by Matt Hunwick.
7:52 of 2nd period - Deflect By Michael Haley.
7:52 of 2nd period - Shot Blocked by Willie Mitchell.
7:52 of 2nd period - Puck is out of play.
7:53 of 2nd period - Barry Tallackson wins face-off versus Mike Zigomanis in Wolves zone.
7:56 of 2nd period - Snap shot by Barry Tallackson.
7:56 of 2nd period - Shot Blocked by Bruno Gervais.
7:58 of 2nd period - Snap shot by Shawn Matthias.
7:58 of 2nd period - Stopped by Jamie Storr with a rebound.
8:00 of 2nd period - Slapshot by Brendon Nash.
8:00 of 2nd period - Shot Misses the Net.
8:02 of 2nd period - Backhand shot by Shawn Matthias.
8:02 of 2nd period - Deflect By Michael Haley.
8:02 of 2nd period - Shot Misses the Net.
8:02 of 2nd period - Puck is out of play.
8:03 of 2nd period - Mike Zigomanis wins face-off versus Shawn Matthias in Wolves zone.
9:18 of 2nd period - Snap shot by Barry Tallackson.
9:18 of 2nd period - Stopped by Jamie Storr with a rebound.
9:20 of 2nd period - Slapshot by Jakub Kindl.
9:20 of 2nd period - Stopped by Jamie Storr with a rebound.
9:22 of 2nd period - Slapshot by Jakub Kindl.
9:22 of 2nd period - Stopped by Jamie Storr without a rebound.
9:23 of 2nd period - Dan Fritsche wins face-off versus Sam Gagner in Wolves zone.
9:36 of 2nd period - Wrist shot by Sam Gagner.
9:36 of 2nd period - Stopped by Jamie Storr with a rebound.
9:50 of 2nd period - Milan Bartovic is hit by Steven Zalewski and loses puck.
9:57 of 2nd period - Slapshot by Matt Hunwick.
9:57 of 2nd period - Shot Blocked by Dmitry Kulikov.
10:17 of 2nd period - Snap shot by Dan Fritsche.
10:17 of 2nd period - Stopped by Martin Biron with a rebound.
10:25 of 2nd period - Slapshot by Milan Bartovic.
10:25 of 2nd period - Goal by Milan Bartovic - Blackdemons : 1 - Wolves : 4.
10:25 of 2nd period - Matt Hackett enters game.
10:26 of 2nd period - Sam Gagner wins face-off versus Kevin Veilleux in neutral zone.
10:26 of 2nd period - Zach Boychuk is hit by Nate Guenin and loses puck.
10:35 of 2nd period - Snap shot by Mike Zigomanis.
10:35 of 2nd period - Shot Misses the Net.
10:37 of 2nd period - Wrist shot by Tim Crowder.
10:37 of 2nd period - Goal by Tim Crowder - Blackdemons : 1 - Wolves : 5.
10:38 of 2nd period - Sam Gagner wins face-off versus Mike Zigomanis in neutral zone.
11:00 of 2nd period - Icing by Zach Boychuk.
11:01 of 2nd period - Michael Haley wins face-off versus Dan Fritsche in Blackdemons zone.
11:12 of 2nd period - Slapshot by Barry Tallackson.
11:12 of 2nd period - Stopped by Jamie Storr with a rebound.
11:14 of 2nd period - Slapshot by Andrew MacDonald.
11:14 of 2nd period - Stopped by Jamie Storr with a rebound.
11:52 of 2nd period - Nate Guenin is hit by Mathieu Dandenault and loses puck.
12:15 of 2nd period - Backhand shot by Nathan Davis.
12:15 of 2nd period - Shot Misses the Net.
12:17 of 2nd period - Slapshot by Dmitry Kulikov.
12:17 of 2nd period - Stopped by Matt Hackett without a rebound.
12:18 of 2nd period - Nathan Davis wins face-off versus Sam Gagner in Blackdemons zone.
12:18 of 2nd period - Nathan Davis is hit by Zach Boychuk.
12:32 of 2nd period - Slapshot by Dmitry Kulikov.
12:32 of 2nd period - Stopped by Matt Hackett with a rebound.
12:34 of 2nd period - Wrist shot by Chris Terry.
12:34 of 2nd period - Shot Blocked by Enver Lisin.
12:40 of 2nd period - Minor Penalty to Matt Hunwick for Hooking.
12:41 of 2nd period - Wayne Primeau wins face-off versus Mike Zigomanis in Blackdemons zone.
12:54 of 2nd period - Snap shot by Chris Neil.
12:54 of 2nd period - Stopped by Matt Hackett with a rebound.
12:56 of 2nd period - Snap shot by Mike Sislo.
12:56 of 2nd period - Stopped by Matt Hackett without a rebound.
12:57 of 2nd period - Mike Zigomanis wins face-off versus Mathieu Dandenault in Blackdemons zone.
13:02 of 2nd period - Snap shot by Mike Zigomanis.
13:02 of 2nd period - Shot Misses the Net.
13:04 of 2nd period - Snap shot by Mike Sislo.
13:04 of 2nd period - Stopped by Matt Hackett without a rebound.
13:05 of 2nd period - Wayne Primeau wins face-off versus Mike Zigomanis in Blackdemons zone.
14:37 of 2nd period - Nate Guenin is hit by Jakub Kindl.
14:40 of 2nd period - Penalty to Matt Hunwick is over, Matt Hunwick is back on ice.
14:47 of 2nd period - Wrist shot by Enver Lisin.
14:47 of 2nd period - Stopped by Jamie Storr with a rebound.
15:08 of 2nd period - Bruno Gervais is hit by Alyn McCauley.
15:29 of 2nd period - Tim Crowder is hit by Barry Tallackson.
15:54 of 2nd period - Slapshot by Brendon Nash.
15:54 of 2nd period - Shot Misses the Net.
16:49 of 2nd period - Wrist shot by Matt Hunwick.
16:49 of 2nd period - Stopped by Jamie Storr with a rebound.
16:55 of 2nd period - Andrew MacDonald is hit by Chris Neil and loses puck.
17:12 of 2nd period - Dmitry Kulikov is hit by Mathieu Dandenault and loses puck.
17:51 of 2nd period - Wrist shot by Enver Lisin.
17:51 of 2nd period - Goal by Enver Lisin - Blackdemons : 2 - Wolves : 5.
17:52 of 2nd period - Mike Zigomanis wins face-off versus Sam Gagner in neutral zone.
18:01 of 2nd period - Wrist shot by Sam Gagner.
18:01 of 2nd period - Deflect By Enver Lisin.
18:01 of 2nd period - Stopped by Jamie Storr with a rebound.
18:47 of 2nd period - Wrist shot by Alyn McCauley.
18:47 of 2nd period - Shot Blocked by Mike Zigomanis.
19:05 of 2nd period - Slapshot by Bruno Gervais.
19:05 of 2nd period - Stopped by Matt Hackett with a rebound.
19:58 of 2nd period - Icing by Dmitry Kulikov.
19:59 of 2nd period - Kevin Veilleux wins face-off versus Steven Zalewski in Wolves zone.
19:59 of 2nd period - Kevin Veilleux is hit by Luca Caputi.
Goals for this period are 2 for Blackdemons vs 4 for Wolves.
Shots for this period are 16 for Blackdemons vs 16 for Wolves.

3rd period


0:01 of 3rd period - Mike Zigomanis wins face-off versus Sam Gagner in neutral zone.
0:09 of 3rd period - Slapshot by Mike Sislo.
0:09 of 3rd period - Shot Misses the Net.
0:11 of 3rd period - Snap shot by Mike Zigomanis.
0:11 of 3rd period - Stopped by Matt Hackett without a rebound.
0:12 of 3rd period - Mike Sislo wins face-off versus Sam Gagner in Blackdemons zone.
0:57 of 3rd period - Slapshot by Brendon Nash.
0:57 of 3rd period - Stopped by Jamie Storr with a rebound.
0:59 of 3rd period - Slapshot by Brendon Nash.
0:59 of 3rd period - Deflect By Mathieu Dandenault.
0:59 of 3rd period - Shot Misses the Net.
0:59 of 3rd period - Puck is out of play.
1:00 of 3rd period - Wayne Primeau wins face-off versus Kevin Veilleux in Wolves zone.
1:06 of 3rd period - Minor Penalty to Kevin Veilleux for Tripping.
1:07 of 3rd period - Chris Neil wins face-off versus Enver Lisin in Wolves zone.
1:07 of 3rd period - Chris Neil is hit by Jakub Kindl.
1:32 of 3rd period - Mike Zigomanis is hit by Shawn Matthias.
1:57 of 3rd period - Icing by Sam Gagner.
1:58 of 3rd period - Milan Bartovic wins face-off versus Shawn Matthias in Blackdemons zone.
2:24 of 3rd period - Icing by Matt Hunwick.
2:25 of 3rd period - Chris Neil wins face-off versus Sam Gagner in Blackdemons zone.
2:56 of 3rd period - Wrist shot by Sam Gagner.
2:56 of 3rd period - Shot Blocked by Marc-André Gragnani.
2:58 of 3rd period - Snap shot by Sam Gagner.
2:58 of 3rd period - Goal by Sam Gagner - Blackdemons : 3 - Wolves : 5.
2:59 of 3rd period - Shawn Matthias wins face-off versus Dan Fritsche in neutral zone.
3:01 of 3rd period - Off-side.
3:02 of 3rd period - Dan Fritsche wins face-off versus Shawn Matthias in neutral zone.
3:05 of 3rd period - Matt Hunwick is hit by Geoff Paukovich and loses puck.
3:28 of 3rd period - Zach Boychuk is hit by Chris Neil.
4:30 of 3rd period - Wrist shot by Barry Tallackson.
4:30 of 3rd period - Stopped by Jamie Storr with a rebound.
4:34 of 3rd period - Slapshot by Michael Haley.
4:34 of 3rd period - Stopped by Jamie Storr with a rebound.
4:36 of 3rd period - Wrist shot by Shawn Matthias.
4:36 of 3rd period - Stopped by Jamie Storr with a rebound.
4:38 of 3rd period - Slapshot by Steve Oleksy.
4:38 of 3rd period - Stopped by Jamie Storr without a rebound.
4:39 of 3rd period - Dan Fritsche wins face-off versus Sam Gagner in Wolves zone.
4:39 of 3rd period - Dan Fritsche is hit by Zach Boychuk.
5:05 of 3rd period - Andrew MacDonald is hit by Mike Zigomanis and loses puck.
5:12 of 3rd period - Wrist shot by Mike Zigomanis.
5:12 of 3rd period - Stopped by Matt Hackett with a rebound.
5:14 of 3rd period - Snap shot by Mike Zigomanis.
5:14 of 3rd period - Shot Blocked by Michael Haley.
5:24 of 3rd period - Snap shot by Milan Bartovic.
5:24 of 3rd period - Shot Misses the Net.
5:26 of 3rd period - Slapshot by Nate Guenin.
5:26 of 3rd period - Shot Misses the Net.
6:04 of 3rd period - Kevin Veilleux is hit by Jakub Kindl and loses puck.
6:11 of 3rd period - Snap shot by Alyn McCauley.
6:11 of 3rd period - Shot Blocked by Marc Methot.
6:31 of 3rd period - Barry Tallackson is hit by Geoff Paukovich and loses puck.
6:46 of 3rd period - Snap shot by Mike Zigomanis.
6:46 of 3rd period - Stopped by Matt Hackett with a rebound.
7:03 of 3rd period - Snap shot by Jonathan Rheault.
7:03 of 3rd period - Stopped by Matt Hackett without a rebound.
7:04 of 3rd period - Dan Fritsche wins face-off versus Sam Gagner in Blackdemons zone.
7:12 of 3rd period - Off-side.
7:13 of 3rd period - Dan Fritsche wins face-off versus Sam Gagner in neutral zone.
7:18 of 3rd period - Wrist shot by Willie Mitchell.
7:18 of 3rd period - Stopped by Matt Hackett with a rebound.
8:39 of 3rd period - Slapshot by Willie Mitchell.
8:39 of 3rd period - Shot Misses the Net.
8:51 of 3rd period - Geoff Paukovich is hit by Zach Boychuk and loses puck.
9:00 of 3rd period - Enver Lisin is hit by Dmitry Kulikov and loses puck.
9:30 of 3rd period - Slapshot by Brendon Nash.
9:30 of 3rd period - Stopped by Jamie Storr with a rebound.
9:38 of 3rd period - Wrist shot by Zach Boychuk.
9:38 of 3rd period - Shot Misses the Net.
9:40 of 3rd period - Snap shot by Enver Lisin.
9:40 of 3rd period - Stopped by Jamie Storr without a rebound.
9:41 of 3rd period - Mike Zigomanis wins face-off versus Shawn Matthias in Wolves zone.
9:54 of 3rd period - Snap shot by Mike Zigomanis.
9:54 of 3rd period - Shot Misses the Net.
9:56 of 3rd period - Snap shot by Mike Sislo.
9:56 of 3rd period - Shot Misses the Net.
10:40 of 3rd period - Icing by Marc-André Gragnani.
10:41 of 3rd period - Wayne Primeau wins face-off versus Kevin Veilleux in Wolves zone.
10:42 of 3rd period - Snap shot by Mathieu Dandenault.
10:42 of 3rd period - Shot Blocked by Kevin Veilleux.
10:44 of 3rd period - Wrist shot by Wayne Primeau.
10:44 of 3rd period - Stopped by Jamie Storr without a rebound.
10:45 of 3rd period - Shawn Matthias wins face-off versus Mike Zigomanis in Wolves zone.
10:53 of 3rd period - Mike Zigomanis and Barry Tallackson fight to a draw.
10:53 of 3rd period - Penalty to Mike Zigomanis for Fighting.
10:53 of 3rd period - Penalty to Barry Tallackson for Fighting.
10:54 of 3rd period - Nathan Davis wins face-off versus Shawn Matthias in neutral zone.
11:04 of 3rd period - Snap shot by Chris Neil.
11:04 of 3rd period - Stopped by Matt Hackett with a rebound.
11:06 of 3rd period - Wrist shot by Chris Neil.
11:06 of 3rd period - Shot Misses the Net.
13:10 of 3rd period - Minor Penalty to Chris Terry for Holding.
13:11 of 3rd period - Chris Neil wins face-off versus Sam Gagner in Wolves zone.
13:50 of 3rd period - Snap shot by Enver Lisin.
13:50 of 3rd period - Shot Misses the Net.
13:52 of 3rd period - Wrist shot by Jakub Kindl.
13:52 of 3rd period - Stopped by Jamie Storr without a rebound.
13:53 of 3rd period - Shawn Matthias wins face-off versus Chris Neil in Wolves zone.
13:58 of 3rd period - Slapshot by Matt Hunwick.
13:58 of 3rd period - Deflect By Marc-André Gragnani.
13:58 of 3rd period - Stopped by Jamie Storr without a rebound.
13:59 of 3rd period - Shawn Matthias wins face-off versus Chris Neil in Wolves zone.
14:14 of 3rd period - Snap shot by Matt Calvert.
14:14 of 3rd period - Shot Misses the Net.
15:10 of 3rd period - Penalty to Chris Terry is over, Chris Terry is back on ice.
15:12 of 3rd period - Icing by Mike Sislo.
15:13 of 3rd period - Nathan Davis wins face-off versus Sam Gagner in Wolves zone.
15:24 of 3rd period - Zach Boychuk is hit by Tim Crowder.
15:28 of 3rd period - Wrist shot by Milan Bartovic.
15:28 of 3rd period - Stopped by Matt Hackett without a rebound.
15:29 of 3rd period - Milan Bartovic wins face-off versus Michael Haley in Blackdemons zone.
15:32 of 3rd period - Slapshot by Mike Sislo.
15:32 of 3rd period - Shot Misses the Net.
15:34 of 3rd period - Slapshot by Chris Neil.
15:34 of 3rd period - Shot Blocked by Michael Haley.
15:36 of 3rd period - Wrist shot by Mike Sislo.
15:36 of 3rd period - Shot Misses the Net.
15:38 of 3rd period - Wrist shot by Nate Guenin.
15:38 of 3rd period - Stopped by Matt Hackett with a rebound.
15:40 of 3rd period - Snap shot by Milan Bartovic.
15:40 of 3rd period - Deflect By Mike Sislo.
15:40 of 3rd period - Shot Misses the Net.
15:40 of 3rd period - Puck is out of play.
15:41 of 3rd period - Wayne Primeau wins face-off versus Milan Bartovic in Blackdemons zone.
15:41 of 3rd period - Wayne Primeau is hit by Mike Sislo.
15:47 of 3rd period - Snap shot by Chris Neil.
15:47 of 3rd period - Shot Blocked by Andrew MacDonald.
15:49 of 3rd period - Slapshot by Dmitry Kulikov.
15:49 of 3rd period - Stopped by Matt Hackett with a rebound.
16:07 of 3rd period - Snap shot by Dan Fritsche.
16:07 of 3rd period - Shot Blocked by Andrew MacDonald.
16:10 of 3rd period - Icing by Matt Hunwick.
16:11 of 3rd period - Wayne Primeau wins face-off versus Dan Fritsche in Blackdemons zone.
16:18 of 3rd period - Marc Methot is hit by Andrew MacDonald and loses puck.
16:41 of 3rd period - Snap shot by Mike Sislo.
16:41 of 3rd period - Shot Misses the Net.
16:43 of 3rd period - Slapshot by Marc Methot.
16:43 of 3rd period - Shot Blocked by Sam Gagner.
17:23 of 3rd period - Wrist shot by Jonathan Rheault.
17:23 of 3rd period - Deflect By Nathan Davis.
17:23 of 3rd period - Stopped by Matt Hackett with a rebound.
17:41 of 3rd period - Chris Neil is hit by Jakub Kindl and loses puck.
18:02 of 3rd period - Michael Haley is hit by Geoff Paukovich and loses puck.
18:15 of 3rd period - Slapshot by Mathieu Dandenault.
18:15 of 3rd period - Stopped by Jamie Storr with a rebound.
19:37 of 3rd period - Bruno Gervais is hit by Matt Hunwick and loses puck.
19:54 of 3rd period - Wrist shot by Milan Bartovic.
19:54 of 3rd period - Stopped by Matt Hackett with a rebound.
Goals for this period are 1 for Blackdemons vs 0 for Wolves.
Shots for this period are 12 for Blackdemons vs 11 for Wolves.


Output by the SimonT Hockey Simulator (STHS) for François Prévost -- Original Page W3C XHTML 1.0 Valid
Hockey Simulator - Hockey Simulation - Hockey Manager